AoeStats
← 76896859

Nomad

505283297Analyzed
4v4 RM · 24d ago on Sep 8, 2026· 66m 43s· 8 players
Game mode
Random Map
Map size
231×231
Population
200
Speed
Normal
Resources
Standard
Victory
Conquest
Starting age
Dark Age
Ending age
Imperial Age
RankedLock teamsTeams togetherTeam positionsShared explorationLock speedFull tech treeHidden civsTurbo modeCheats
Victory
Defeat
🇪🇸 Khmer · Spain
1065
+13
🇺🇾 Britons · Uruguay
1058
+14
🇲🇽 Vietnamese · Mexico
1045
+14
🇪🇪 Italians · Estonia
1015
+15
🇨🇳 Portuguese · China
1049
-15
🇨🇳 Huns · China
1026
-15
🇬🇧 Turks · United Kingdom
992
-14
🇨🇳 Hindustanis · China
963
-12
76896859
5:45 Loom
15:57 Feudal Age
20:49 Castle Age
19:21 Scale Barding Armor
19:10 Gold Mining
19:38 Bloodlines
20:28 Double-Bit Axe
20:33 Horse Collar
21:53 Wheelbarrow
21:44 Bow Saw
21:45 Heavy Plow
23:28 Forging
30:53 Chain Barding Armor
33:09 Hand Cart
36:02 Gold Shaft Mining
39:13 Iron Casting
38:41 Husbandry
42:59 Imperial Age
40:16 Town Watch
43:11 Fletching
43:10 Cavalier
44:27 Plate Barding Armor
44:54 Blast Furnace
45:24 Paladin
49:29 Stone Mining
50:46 Chemistry
50:32 Conscription
52:20 Two-Man Saw
52:32 Bodkin Arrow
53:08 Light Cavalry
57:58 Scale Mail Armor
58:16 Hussar
63:58 Elite Skirmisher
66:21 Murder Holes
66:54 Bodkin Arrow
K
15:56 Feudal Age
20:15 Castle Age
19:08 Double-Bit Axe
20:52 Fletching
30:29 Bodkin Arrow
59:40 Imperial Age
62:24 Forging
Depart
4:15 Loom
16:01 Feudal Age
16:43 Double-Bit Axe
17:35 Wheelbarrow
16:51 Gold Mining
22:05 Castle Age
23:09 Hand Cart
23:44 Bow Saw
23:29 Stone Mining
月落星河
4:27 Loom
15:43 Feudal Age
16:21 Town Watch
16:46 Fishing Lines
18:23 Double-Bit Axe
22:25 Castle Age
20:33 Horse Collar
21:36 Gold Mining
21:37 Stone Mining
22:34 Pikeman
23:14 Squires
23:19 Scale Mail Armor
23:30 Forging
23:26 Scale Barding Armor
23:34 Bloodlines
23:25 Husbandry
22:46 Light Cavalry
24:06 Wheelbarrow
23:44 Bow Saw
24:49 Medium Warships
24:35 Gillnets
24:19 Elite Skirmisher
25:09 Crossbowman
26:38 Gold Shaft Mining
27:05 Thumb Ring
29:21 Stone Shaft Mining
28:51 Fletching
29:02 Padded Archer Armor
31:24 Grand Trunk Road
34:07 Bodkin Arrow
34:35 Ballistics
34:10 Murder Holes
37:47 Imperial Age
37:24 Chain Barding Armor
37:40 Iron Casting
37:08 Heavy Plow
38:47 Heavy Camel Rider
39:49 Hand Cart
44:32 Conscription
49:23 Heavy Warships
51:10 Siege Elephant
56:36 Bracer
56:51 Leather Archer Armor
58:09 Chemistry
60:05 Hussar
65:04 Ring Archer Armor
DANERID
4:16 Loom
15:00 Feudal Age
18:37 Castle Age
18:48 Bloodlines
18:45 Double-Bit Axe
21:46 Forging
21:56 Scale Barding Armor
24:31 Horse Collar
25:37 Iron Casting
26:15 Wheelbarrow
26:23 Husbandry
31:05 Gold Mining
33:02 Gold Shaft Mining
36:03 Imperial Age
34:40 Chain Barding Armor
36:35 Stone Mining
36:14 Cavalier
37:33 Bow Saw
Rey de Copas
4:22 Loom
13:59 Feudal Age
15:20 Fletching
21:23 Castle Age
21:21 Padded Archer Armor
23:08 Bodkin Arrow
23:29 Leather Archer Armor
35:16 Ballistics
43:56 Fishing Lines
65:28 Demolition Ship
Chicle
4:25 Loom
14:07 Feudal Age
16:07 Fletching
16:38 Double-Bit Axe
17:53 Horse Collar
19:18 Town Watch
24:41 Castle Age
25:44 Bodkin Arrow
26:09 Crossbowman
26:58 Gold Mining
28:13 Bow Saw
28:58 Padded Archer Armor
37:13 Ballistics
40:47 Leather Archer Armor
45:00 Yeomen
51:37 Pikeman
53:39 Wheelbarrow
53:47 Town Patrol
57:50 Imperial Age
56:58 Gold Shaft Mining
57:53 Stone Mining
58:31 Forging
58:21 Scale Mail Armor
58:35 Bracer
58:43 Bracer
59:57 Chemistry
60:48 Arbalester
63:48 Conscription
63:32 Capped Ram
64:08 Halberdier
64:50 Squires
65:01 Forging
64:52 Scale Mail Armor
FirstToQuitIsGaaaay
6:22 Loom
20:11 Feudal Age
21:43 Town Watch
24:16 Castle Age
22:06 Double-Bit Axe
22:05 Fishing Lines
26:43 Fletching
27:38 Bodkin Arrow
28:43 Gold Mining
29:00 Padded Archer Armor
29:35 Ballistics
30:14 Bow Saw
32:39 Thumb Ring
33:33 Wheelbarrow
36:06 Imperial Age
34:18 Forging
34:09 Scale Mail Armor
34:51 Leather Archer Armor
36:14 Gillnets
36:53 Squires
36:58 Bracer
37:34 Iron Casting
37:15 Chain Mail Armor
36:25 Capped Ram
37:33 Conscription
39:34 Elite Genoese Crossbowman
41:13 Arson
42:02 Ring Archer Armor
42:34 Blast Furnace
42:04 Plate Mail Armor
41:19 Horse Collar
45:41 Wheelbarrow
46:57 Chemistry
49:39 Hand Cart
51:20 Stone Mining
55:29 Stone Shaft Mining
Connection lost

Rejoining the realm…

Still unreachable

The connection could not be restored.

Session expired

The server has moved on; the page needs a fresh start.